 Dungeon Crawl Stone Soup version 0.27-a0-1144-g0b7d3b79db (webtiles) character file.

Game seed: 736149943768999036

11 shoop the Sneak (level 2, 0/16 HPs)
             Began as a Vine Stalker Delver on May 11, 2021.
             Slain by a jackal (1 damage)
             ... on level 2 of the Dungeon.
             The game lasted 00:02:10 (839 turns).

shoop the Sneak (Vine Stalker Delver)                Turns: 839, Time: 00:02:11

Health: 0/16       AC:  3    Str: 14    XL:     2   Next: 25%
Magic:  0/3        EV: 11    Int: 10    God:
Gold:   0          SH:  0    Dex: 15    Spells: 1/1 levels left

rFire    . . .     SeeInvis .   a - +0 falchion
rCold    . . .     Faith    .   (no shield)
rNeg     . . .     Spirit   +   b - +0 leather armour
rPois    .         Reflect  .   (no helmet)
rElec    .         Harm     .   (no cloak)
rCorr    .         Rampage  .   (no gloves)
Will     .....                  (no boots)
Stlth    +++.......             (no amulet)
HPRegen  0.05/turn              (no ring)
MPRegen  0.08/turn              (no ring)

@: no status effects
A: fangs 2, magic shield, antimagic bite, no potion heal 2
a: no special abilities


You were on level 2 of the Dungeon.
You visited 1 branch of the dungeon, and saw 5 of its levels.

Inventory:

Hand Weapons
 a - a +0 falchion (weapon)
Missiles
 h - 12 poisoned darts (quivered)
 i - 9 javelins
Armour
 b - a +0 leather armour (worn)
Wands
 g - a wand of digging (3)
Scrolls
 c - a scroll of fog
 d - a scroll of magic mapping
 e - a scroll of fear
Potions
 f - a potion of haste


   Skills:
 - Level 2.6 Fighting
 + Level 2.2 Long Blades
 - Level 1.0 Throwing
 - Level 1.5 Dodging
 - Level 6.0 Stealth


You had one spell level left.
You didn't know any spells.
Your spell library was empty.

Dungeon Overview and Level Annotations

Branches:
Dungeon (5/15)
 Temple: D:4-7

Altars:
Vehumet

Annotations:
D:3 exclusion: zombie


Innate Abilities, Weirdness & Mutations

You have extremely sharp teeth.
When hurt, damage is shared between your health and your magic reserves.
Your bite disrupts and absorbs the magic of your enemies.
Potions cannot restore your health.


Message History

The bat hits you. The hobgoblin closely misses you. The bat closely misses you.
The jackal barks!
You hit the bat but do no damage.
The bat is moderately wounded.
The bat hits you but does no damage. The hobgoblin hits you. x2
Unknown command.
You are too injured to fight recklessly!
You are too injured to fight recklessly!
Unknown command.
You barely miss the hobgoblin. The bat closely misses you.
The hobgoblin hits you.
You hit the hobgoblin.
The hobgoblin is almost dead.
The bat hits you but does no damage.
A jackal comes into view.
The hobgoblin closely misses you.
You riposte.
You closely miss the hobgoblin.
The hobgoblin is almost dead.
You closely miss the hobgoblin.
The jackal barks!
Your bite misses the hobgoblin.
The hobgoblin is almost dead.
The bat hits you. The hobgoblin hits you.
The jackal bites you but does no damage.
The bat hits you but does no damage.
The jackal bites you but does no damage.
There is a stone staircase leading down here.
The hobgoblin hits you.
* * * LOW HITPOINT WARNING * * *
The bat misses you.
You climb downwards.
There is a stone staircase leading up here.
Unknown command.
You barely miss the hobgoblin.
The hobgoblin is almost dead.
The jackal closely misses you.
You riposte.
You barely miss the jackal. The hobgoblin closely misses you.
The jackal barely misses you.
You barely miss the hobgoblin. Your bite misses the hobgoblin.
The hobgoblin is almost dead.
The jackal bites you.
You die...

### ## ###.. #
...######...# #.
.........#...# .##
.............# ..
.............'
#.####........#...#
...#+#.g...........#....
.......@#..............#
......h.......#..(...#.#
..............#......#.#
.........#.............#
.#.......#...........###
##......#........#..#
#..?...###[.....#.....
......... #.....##.....
......... #.....# .....


You could see a jackal and a hobgoblin.

Vanquished Creatures
  4 orcs
  An endoplasm (D:2)
  A goblin (D:1)
6 creatures vanquished.

Notes
Turn   | Place    | Note
-------+----------+-------------------------------------------
     0 | D:5      | shoop the Vine Stalker Delver began the quest for the Orb.
     0 | D:5      | Reached XP level 1. HP: 11/11 MP: 2/2
    83 | D:3      | Found a radiant altar of Vehumet.
   144 | D:3      | Noticed a wyvern zombie
   373 | D:3      | Reached skill level 1 in Throwing
   638 | D:2      | Reached XP level 2. HP: 16/16 MP: 3/3
   839 | D:2      | Slain by a jackal

Illustrated notes

Levels and vault maps discovered:
D:1:      elethiomel_arrival_quiet, layout_rooms,
          hellmonk_ecumenical_altar_blasted, serial_shops, shop_fountains
D:2:      layout_basic
D:3:      layout_loops_corners, nicolae_vehumet_radiance, slow_altar_1,
          led_sif_pool, yredelemnul_forgotten_temple_becter,
          lemuel_crystal_altar, serial_shops, nicolae_shop_behind_doors,
          uniq_ijyb, uniq_sigmund
D:4:      layout_cave_pools, minmay_temple_entry_gardened_gates, serial_shops,
          shop
D:5:      layout_loops_cross

Skill      XL: |  1 |
---------------+----+-----
Throwing       | 1 |  1.0
Long Blades    | 2 |  2.2
Fighting       | |  2.6
Dodging        | |  1.5
Stealth        | |  6.0

Action                   || total
-------------------------++-------
Melee: Falchion          ||    20
       Bite              ||     4
Armor: Leather armour    ||     7
Dodge: Dodged            ||    14
       Rpst.: Falchion   ||     4

Table legend: (Time is in decaauts)
 A = Elapsed time spent in this place.
 B = Non-inter-level travel time spent in this place.
 C = Inter-level travel time spent in this place.
 D = Time resting spent in this place.
 E = Time spent auto-exploring this place.
 F = Levels seen in this place.
 G = Mean time per level.
                   A        B        C        D        E       F      G
               +--------+--------+--------+--------+--------+-----+--------+
         Total |    845 |    845 |      0 |    582 |    126 |   5 |  169.0 |
       Dungeon |    845 |    845 |      0 |    582 |    126 |   5 |  169.0 |
               +--------+--------+--------+--------+--------+-----+--------+

Top non-repeatable levels by time:
     D:3: 579 daAuts
     D:2: 220 daAuts
     D:1: 21 daAuts
     D:5: 14 daAuts
     D:4: 9 daAuts
